 Dungeon Crawl Stone Soup version 0.31-a0-1308-ga3cce3a448 (webtiles) character file.

Game seed: 14143416882502509008

159 IdlyInterested the Shield-Bearer (level 5, -1/41 HPs)
             Began as a Demonspawn Fighter on Dec 19, 2023.
             Slain by Sigmund
             ... wielding a +0 scythe
              (8 damage)
             ... on level 2 of the Dungeon.
             The game lasted 00:06:07 (1654 turns).

IdlyInterested the Shield-Bearer (DsFi)             Turns: 1654, Time: 00:06:08

Health: -1/41      AC:  9    Str: 16    XL:     5   Next: 17%
Magic:  5/5        EV: 10    Int:  9    God:
Gold:   89         SH:  5    Dex: 14    Spells: 4/4 levels left

rFire   + . .        p - +1 rapier "Ceusezorr" {chaos, rPois rF+ rN+}
rCold   . . .        c - +0 buckler
rNeg    + . .        b - +0 scale mail
rPois   +            (helmet restricted)
rElec   .            (no cloak)
rCorr   .            (no gloves)
SInv    .            (no boots)
Will    +....        (no amulet) Stlth
                     o - ring of willpower
HPRegen 0.26/turn    (no ring)
MPRegen 0.09/turn

%: clarity
@: no status effects
A: horns 2, icy blue scales 1, demonic magic 1, claws 1, clarity, shaggy fur 1
a: no special abilities


You were on level 2 of the Dungeon.
You visited 1 branch of the dungeon, and saw 2 of its levels.

You collected 89 gold pieces.

Inventory:

Hand Weapons
 a - a +0 long sword
 p - the +1 rapier "Ceusezorr" (weapon) {chaos, rPois rF+ rN+}
   (You found it on level 2 of the Dungeon)

   rF+:       It protects you from fire.
   rPois:     It protects you from poison rN+: It protects you from negative
   energy.
 t - a +0 short sword
Missiles
 h - a throwing net
 q - 24 stones (quivered)
Armour
 b - a +0 scale mail (worn)
 c - a +0 buckler (worn)
 e - a +0 ring mail
 i - an orb of light
Jewellery
 o - a ring of willpower (left claw)
Wands
 r - a wand of polymorph (1)
Scrolls
 j - a scroll of blinking {unknown}
 k - a scroll of amnesia {unknown}
 n - a scroll of brand weapon {unknown}
 u - a scroll of identify {unknown}
Potions
 d - a potion of might
 f - a potion of mutation
 g - a potion of lignification {unknown}
 l - a potion of heal wounds {unknown}
 m - a potion of haste {unknown}
 s - a potion of enlightenment {unknown}


   Skills:
 - Level 3.0 Fighting
 * Level 1.8(2.5) Short Blades
 - Level 2.7(3.0) Long Blades
 - Level 3.0 Armour
 + Level 2.5 Dodging
 - Level 3.1 Shields


You had 4 spell levels left.
You didn't know any spells.
Your spell library was empty.

Dungeon Overview and Level Annotations

Branches:
Dungeon (2/15)

Altars:

Shops:
D:2 (

Annotations:
D:2 Sigmund


Innate Abilities, Weirdness & Mutations

You have a pair of horns on your head.
You are partially covered in icy blue scales. (AC +2)
Spells you cast may paralyse adjacent enemies.
You have sharp fingernails.
You possess an exceptional clarity of mind.
You are covered in fur. (AC +1)


Message History

There is an open door here.
You now have 89 gold pieces (gained 11).
You open the door.
A kobold comes into view. It is wielding a +0 dagger.
There is an open door here.
You hit the kobold but do no damage.
The kobold seems to speed up.
The kobold hits you with a +0 dagger. You block the kobold's attack.
You barely miss the kobold. The kobold hits you with a +0 dagger.
You puncture the kobold!
You kill the kobold!
There is an open door here.
You open the door.
Sigmund the Dreaded comes into view.
He is wielding a +0 scythe.
Sigmund shouts!
There is an open door here.
You block Sigmund's attack. Sigmund hits you but does no damage.
You closely miss Sigmund. You headbutt Sigmund.
Sigmund is lightly wounded.
You hit Sigmund. You freeze Sigmund.
Sigmund is lightly wounded.
Sigmund hits you with a +0 scythe!
You barely miss Sigmund. You headbutt Sigmund.
Sigmund is moderately wounded.
Sigmund gestures wildly while chanting.
Sigmund flickers and vanishes!
Deactivating autopickup; reactivate with Ctrl-A.
You hit something.
Nothing appears to happen.
Your headbutt misses something. Something hits you but does no damage.
You closely miss something.
You hear some strange, mumbled words.
A magic dart appears from out of thin air!
The magic dart hits you. Something hits you!
You closely miss something. Something hits you.
You barely miss something. Something hits you.
* * * LOW HITPOINT WARNING * * *
You closely miss something. Your headbutt misses something. Something hits you.
* * * LOW HITPOINT WARNING * * *
You completely miss something. Something hits you!
You die...

##.# #......##.....
...# #.............
##.# #.'########+..
#.# #.#........# .
#.# #.#.'####+. #.#
#.#.#....# #.#
#.#.#.##.# #.#
#.#.#.##.#
#.########.#.#.@{.#
#..........#.'####+.#
########.#.#........#
#.#.'########+
#.#..)......
#......##### ########


There were no monsters in sight!

Vanquished Creatures
  An iguana (D:2)
  Natasha (thrice) (D:2)
  An adder (D:2)
  A dart slug (D:2)
  A ball python (D:2)
  6 endoplasms
  4 giant cockroaches
  6 goblins
  3 hobgoblins
  A quokka (D:2)
  5 bats
  2 frilled lizards (D:1)
  6 kobolds
  3 rats (D:1)
43 creatures vanquished.

Notes
Turn   | Place    | Note
-------+----------+-------------------------------------------
     0 | D:1      | IdlyInterested the Demonspawn Fighter began the quest for
                  | the Orb.
     0 | D:1      | Reached XP level 1. HP: 18/18 MP: 1/1
    60 | D:1      | Found a faded altar of an unknown god.
   277 | D:1      | Gained mutation: You are partially covered in icy blue
                  | scales. (AC +2) [demonic ancestry]
   277 | D:1      | Reached XP level 2. HP: 24/24 MP: 2/2
   831 | D:2      | Gained mutation: Your spells are a little harder to cast,
                  | but a little more powerful. [potion of mutation]
   831 | D:2      | Gained mutation: Your magical capacity is low. (-10% MP)
                  | [potion of mutation]
   832 | D:2      | Lost mutation: Your magical capacity is low. (-10% MP)
                  | [potion of mutation]
   832 | D:2      | Lost mutation: Your spells are a little harder to cast, but
                  | a little more powerful. [potion of mutation]
   832 | D:2      | Gained mutation: You possess an exceptional clarity of
                  | mind. [potion of mutation]
   832 | D:2      | Gained mutation: You have sharp fingernails. [potion of
                  | mutation]
   832 | D:2      | Gained mutation: You are covered in fur. (AC +1) [potion of
                  | mutation]
   858 | D:2      | Noticed Natasha
   865 | D:2      | Killed Natasha
   866 | D:2      | Reached skill level 1 in Dodging
   866 | D:2      | Gained mutation: You have a pair of small horns on your
                  | head. [demonic ancestry]
   866 | D:2      | Reached XP level 3. HP: 23/29 MP: 3/3
   937 | D:2      | Identified the +1 rapier "Ceusezorr" {chaos, rPois rF+ rN+}
  1134 | D:2      | Gained mutation: Spells you cast may paralyse adjacent
                  | enemies. [demonic ancestry]
  1134 | D:2      | Reached XP level 4. HP: 35/35 MP: 4/4
  1175 | D:2      | Noticed Natasha
  1197 | D:2      | Killed Natasha
  1234 | D:2      | Noticed Natasha
  1240 | D:2      | Killed Natasha
  1241 | D:2      | Reached skill level 1 in Short Blades
  1474 | D:2      | Found Unea's Antique Weapon Emporium.
  1513 | D:2      | Gained mutation: You have a pair of horns on your head.
                  | [demonic ancestry]
  1513 | D:2      | Reached XP level 5. HP: 27/41 MP: 5/5
  1643 | D:2      | Noticed Sigmund
  1654 | D:2      | Slain by Sigmund

Illustrated notes

Levels and vault maps discovered:
D:1:      dpeg_arrival_long_road, layout_loops_cross,
          shapermc_ecumenical_altar_totnotflames
D:2:      layout_loops_ring, serial_shops, shop, minivault_11,
          minmay_door_square, moated_statue, uniq_natasha, uniq_sigmund

Skill      XL: |  1  2  3  4 |
---------------+-------------+-----
Long Blades    | 2 |  2.7
Armour         | 3 |  3.0
Shields        | 3 |  3.1
Dodging        | 1 2 |  2.5
Short Blades   | 1 |  1.8
Fighting       | |  3.0

Action                     |  1- 3 |  4- 6 || total
---------------------------+-------+-------++-------
  Melee: Long sword        |    74 |       ||    74
         Rapier            |    17 |    60 ||    77
         Headbutt          |     2 |    13 ||    15
    Use: Potion            |     2 |       ||     2
 Armour: Scale mail        |    71 |    29 ||   100
         Skin              |       |    21 ||    21
  Dodge: Dodged            |    26 |    13 ||    39
  Block: Buckler           |    18 |    13 ||    31

Table legend: (Time is in decaauts)
 A = Elapsed time spent in this place.
 B = Non-inter-level travel time spent in this place.
 C = Inter-level travel time spent in this place.
 D = Time resting spent in this place.
 E = Time spent auto-exploring this place.
 F = Levels seen in this place.
 G = Mean time per level.
                   A        B        C        D        E       F      G
               +--------+--------+--------+--------+--------+-----+--------+
         Total |   1699 |   1586 |    113 |    189 |    980 |   2 |  849.5 |
       Dungeon |   1699 |   1586 |    113 |    189 |    980 |   2 |  849.5 |
               +--------+--------+--------+--------+--------+-----+--------+

Top non-repeatable levels by time:
     D:1: 858 daAuts
     D:2: 840 daAuts
